 Dungeon Crawl Stone Soup version 0.27-a0-780-geb8d7bc690 (webtiles) character file.

Game seed: 4658541011600690129

549 DarkShadow the Chopper (level 7, 0/61 HPs)
             Began as a Minotaur Fighter on Mar 26, 2021.
             Was an Initiate of Gozag.
             Killed by divine providence
             ... invoked by an orc priest
              (14 damage)
             ... on level 4 of the Dungeon.
             The game lasted 00:15:16 (3739 turns).

DarkShadow the Chopper (Minotaur Fighter)           Turns: 3739, Time: 00:15:17

Health: 0/61       AC:  7    Str: 21    XL:     7   Next: 7%
Magic:  6/6        EV:  8    Int:  5    God:    Gozag
Gold:   149        SH: 15    Dex: 11    Spells: 6/6 levels left

rFire    . . .     SeeInvis .   a - +1 war axe (elec)
rCold    . . .     Faith    .   c - +0 kite shield
rNeg     . . .     Spirit   .   b - +0 scale mail
rPois    .         Reflect  +   (helmet restricted)
rElec    .         Harm     .   (no cloak)
rCorr    .         Rampage  .   (no gloves)
Will     .....                  (no boots)
Stlth    ..........             f - amulet of reflection
HPRegen  0.20/turn              (no ring)
MPRegen  0.10/turn              (no ring)

@: gold aura
A: horns 2, retaliatory headbutt
a: Renounce Religion, Potion Petition, Call Merchant, Bribe Branch


You were on level 4 of the Dungeon.
You worshipped Gozag.
Gozag was aware of your devotion.
You visited 2 branches of the dungeon, and saw 5 of its levels.

You collected 204 gold pieces.
You paid 55 gold pieces to Gozag.

Inventory:

Hand Weapons
 a - a +1 war axe of electrocution (weapon)
Armour
 b - a +0 scale mail (worn)
 c - a +0 kite shield (worn)
Jewellery
 f - an amulet of reflection (around neck)
 i - a ring of flight
 o - a ring of flight
Wands
 g - a wand of random effects (10)
 m - a wand of digging (3)
Scrolls
 n - a scroll of amnesia
Potions
 d - 2 potions of might
 e - 8 potions of curing
 j - a potion of attraction
 k - a potion of magic
 l - a potion of haste
 p - a potion of ambrosia


   Skills:
 + Level 5.3 Fighting
 + Level 6.0 Axes
 + Level 5.4 Armour
 + Level 1.2 Dodging
 + Level 5.2 Shields


You had 6 spell levels left.
You didn't know any spells.
Your spell library was empty.

Dungeon Overview and Level Annotations

Branches:
Dungeon (4/15)             Temple (1/1) D:4

Altars:
Ashenzari
Cheibriados
Elyvilon
Gozag
Kikubaaqudgha
Makhleb
Qazlal
Trog
Uskayaw
Wu Jian
Yredelemnul
Zin
The Shining One

Shops:
D:2 [:**[   D:3 [

Annotations:
D:3 1 runed translucent door


Innate Abilities, Weirdness & Mutations

You have a pair of horns on your head.
You reflexively headbutt those who attack you in melee.


Message History

You barely miss the hobgoblin. You block Sigmund's attack.
The hobgoblin hits you but does no damage. x2
Sigmund gestures at you while chanting. The magic dart hits you.
You hit Sigmund.
Sigmund is heavily wounded.
You hit the hobgoblin.
Lightning courses through the hobgoblin!
You kill the hobgoblin!
You block Sigmund's attack. The orc priest barely misses you.
You furiously retaliate!
You headbutt the orc priest.
The orc priest casts a cantrip, but nothing happens.
You closely miss Sigmund. You headbutt Sigmund, but do no damage.
Sigmund is heavily wounded.
You hit the orc priest.
Sigmund points at you and mumbles some strange words.
The puff of flame reflects off an invisible shield around you!
The puff of flame hits Sigmund!
Sigmund barely misses you. You furiously retaliate!
You headbutt Sigmund. You hit Sigmund but do no damage.
Lightning courses through Sigmund!
You kill Sigmund!
You slash the orc!
You kill the orc!
The orc priest mumbles some strange prayers to Beogh against you.
Beogh smites you!
The orc priest mumbles some strange prayers to Beogh against you.
Beogh smites you!
* * * LOW HITPOINT WARNING * * *
Your Axes skill increases to level 6!
Your Dodging skill increases to level 1!
Your Shields skill increases to level 5!
You have reached level 7!
Your shield prevents you from hitting the orc priest.
Your headbutt misses the orc priest.
The orc priest is heavily wounded.
You closely miss the orc priest.
The orc priest mumbles some strange prayers to Beogh against you.
Beogh smites you!
You die...
Your body crumbles into a pile of gold.

.............?..≈§≈§≈≈.#
.....##......##.≈≈._≈≈.#
.....#######+##.§§§>≈≈..
...... #.≈§§≈§≈.# ......
#.≈≈§§§≈.# #.....§..#
+.......## #........#
#.@......# #oo$....##
#.......# #.......#
........# .........# $
.........# ........[.#


You could see 2 orc priests.

Vanquished Creatures
  Sigmund (D:4)
  A scorpion (D:4)
  Ijyb (D:3)
  Natasha (thrice) (D:2)
  An orc wizard (D:4)
  8 gnolls
  4 adders (D:2)
  An ufetubus (D:4)
  3 worms
  2 dart slugs (D:4)
  5 orcs
  7 ball pythons
  5 bats
  2 endoplasms
  A giant cockroach (D:1)
  9 hobgoblins
  14 jackals
  3 quokkas
  5 frilled lizards
  6 goblins
  5 kobolds (D:1)
  3 rats
90 creatures vanquished.

Vanquished Creatures (others)
  2 plants (D:4)
2 creatures vanquished.

Grand Total: 92 creatures vanquished

Notes
Turn   | Place    | Note
-------+----------+-------------------------------------------
     0 | D:1      | DarkShadow the Minotaur Fighter began the quest for the
                  | Orb.
     0 | D:1      | Reached XP level 1. HP: 19/19 MP: 0/0
   349 | D:1      | Reached XP level 2. HP: 27/27 MP: 1/1
  1003 | D:1      | Reached XP level 3. HP: 30/33 MP: 2/2
  1140 | D:2      | Found Kestegh's Armour Boutique.
  1256 | D:2      | Found a glowing golden altar of the Shining One.
  1390 | D:2      | Found Xyiwem's Armour Shoppe.
  1392 | D:2      | Reached skill level 3 in Axes
  1436 | D:2      | You fall into a shaft and drop 1 floor!
  1550 | D:3      | Found Inased's Armour Shop.
  1561 | D:2      | Reached XP level 4. HP: 38/40 MP: 3/3
  1639 | D:2      | Noticed Natasha
  1649 | D:2      | Killed Natasha
  1650 | D:2      | Reached skill level 4 in Axes
  1814 | D:2      | Noticed Natasha
  1823 | D:2      | Killed Natasha
  1879 | D:2      | Noticed Natasha
  1887 | D:2      | Killed Natasha
  1888 | D:2      | Reached skill level 5 in Fighting
  1888 | D:2      | Reached XP level 5. HP: 42/48 MP: 4/4
  1938 | D:2      | Found Uhuy's General Store.
  2088 | D:2      | Found Seixzulu's Book Shop.
  2091 | D:2      | Found Fun Aliz's Assorted Antiques.
  2479 | D:3      | Found a runed translucent door.
  2479 | D:3      | Found a glowing silver altar of Zin.
  2479 | D:3      | Noticed an angel
  2791 | D:3      | Found a faded altar of an unknown god.
  2856 | D:3      | Noticed Ijyb
  2860 | D:3      | Killed Ijyb
  3180 | D:3      | Found a glowing silver altar of Zin.
  3331 | D:4      | Found a staircase to the Ecumenical Temple.
  3356 | D:4      | Reached skill level 5 in Armour
  3386 | Temple   | Entered the Ecumenical Temple
  3401 | Temple   | Became a worshipper of Gozag Ym Sagoz the Greedy
  3452 | D:4      | Reached XP level 6. HP: 54/56 MP: 5/5
  3454 | D:4      | Reached skill level 5 in Axes
  3684 | D:4      | Found a bloodstained altar of Trog.
  3693 | D:4      | Found a burning altar of Makhleb.
  3728 | D:4      | Found a stormy altar of Qazlal.
  3728 | D:4      | Noticed Sigmund
  3738 | D:4      | Killed Sigmund
  3739 | D:4      | Reached skill level 6 in Axes
  3739 | D:4      | Reached skill level 1 in Dodging
  3739 | D:4      | Reached skill level 5 in Shields
  3739 | D:4      | Reached XP level 7. HP: 14/61 MP: 6/6
  3739 | D:4      | Killed from afar by an orc priest

Illustrated notes

Levels and vault maps discovered:
D:1:      dpeg_arrival_houses_and_road, layout_basic, serial_rivers,
          chequers_serial_rivers_room_b, chequers_serial_rivers_marsh,
          chequers_serial_rivers_micro_e, chequers_serial_rivers_room_b,
          chequers_serial_rivers_large_b, st_stairs_5,
          wad_floor_pattern_untrapped
D:2:      layout_basic, serial_shops, shop, nicolae_shop_behind_doors,
          nicolae_shop_crystal, shop_statue, nicolae_shop_stone, tso_altar,
          uniq_natasha
D:3:      layout_basic, zin_treasury, serial_shops, nicolae_shop_behind_doors,
          chequers_ecumenical_altar_simple, mrwooster_statue_mirror,
          lemuel_angel_altar, uniq_ijyb
D:4:      layout_gridville, grunt_temple_overflow_open, general_overflow_altar,
          minmay_temple_entry_gardened_gates, lemuel_old_faithful, uniq_sigmund
Temple:   eino_temple_rhombus

Skill      XL: |  1  2  3  4  5  6 |
---------------+-------------------+-----
Armour         | 4 5 |  5.4
Fighting       | 4 5 |  5.3
Shields        | 4 5 |  5.2
Axes           | 3 4 6 |  6.0
Dodging        | 1 |  1.2

Action                   |  1- 3 |  4- 6 |  7- 9 || total
-------------------------+-------+-------+-------++-------
Melee: War axe           |    86 |   119 |     1 ||   206
       Headbutt          |    13 |    14 |       ||    27
  Use: Scroll            |     3 |    10 |       ||    13
Armor: Scale mail        |    48 |    61 |       ||   109
Dodge: Dodged            |    36 |    41 |       ||    77
Block: Kite shield       |    34 |    88 |       ||   122
       Reflection        |       |     1 |       ||     1

Table legend: (Time is in decaauts)
 A = Elapsed time spent in this place.
 B = Non-inter-level travel time spent in this place.
 C = Inter-level travel time spent in this place.
 D = Time resting spent in this place.
 E = Time spent auto-exploring this place.
 F = Levels seen in this place.
 G = Mean time per level.
                   A        B        C        D        E       F      G
               +--------+--------+--------+--------+--------+-----+--------+
         Total |   3924 |   3919 |      5 |    580 |   2105 |   5 |  784.8 |
       Dungeon |   3879 |   3876 |      3 |    580 |   2100 |   4 |  969.8 |
        Temple |     45 |     43 |      2 |      0 |      5 |   1 |   45.0 |
               +--------+--------+--------+--------+--------+-----+--------+

Top non-repeatable levels by time:
     D:2: 1306 daAuts
     D:1: 1154 daAuts
     D:3: 943 daAuts
     D:4: 474 daAuts
  Temple: 45 daAuts
